 Dungeon Crawl Stone Soup version 0.25.0-11-g1f837a76a1 (webtiles) character file.

Game seed: 5323707752575044379

70 xccam the Chopper (level 4, 0/26 HPs)
             Began as a Tengu Warper on June 26, 2020.
             Succumbed to Crazy Yiuf's poison
             ... on level 2 of the Dungeon.
             The game lasted 00:01:34 (1869 turns).

xccam the Chopper (Tengu Warper)                    Turns: 1869, Time: 00:01:35

Health: 0/26       AC:  7    Str: 13    XL:     4   Next: 21%
Magic:  6/8        EV: 12    Int: 13    God:
Gold:   99         SH:  0    Dex: 13    Spells: 7/7 levels left

rFire    . . .     SeeInvis .   a - +0 hand axe
rCold    + . .     Gourm    .   (no shield)
rNeg     . . .     Faith    .   b - +0 leather armour
rPois    .         Spirit   .   (helmet restricted)
rElec    .         Reflect  .   (no cloak)
rCorr    .         Harm     .   (no gloves)
MR       .....                  (boots unavailable)
Stlth    +.........             (no amulet)
HPRegen  0.08/turn              h - ring of protection from cold
MPRegen  0.11/turn              k - +4 ring of protection

@: lethally poisoned (0 -> -10)
A: beak, talons 3
a: no special abilities


You were on level 2 of the Dungeon.
You were hungry.

You visited 1 branch of the dungeon, and saw 2 of its levels.

You collected 99 gold pieces.

Inventory:

Hand Weapons
 a - a +0 hand axe (weapon)
Missiles
 e - 5 boomerangs of dispersal (quivered)
Armour
 b - a +0 leather armour (worn)
Jewellery
 h - a ring of protection from cold (left hand)
 k - a +4 ring of protection (right hand)
 n - an uncursed ring of flight
Scrolls
 d - a scroll of blinking
 j - a scroll of teleportation
Comestibles
 f - 3 rations


   Skills:
 - Level 2.0 Fighting
 + Level 4.8 Axes
 - Level 1.0 Throwing
 - Level 1.1 Armour
 - Level 2.1 Dodging
 - Level 2.0 Spellcasting
   Level 2.4 Translocations


You had 7 spell levels left.
You didn't know any spells.
Your spell library contained the following spells:

 Spells                   Type           Power        Failure   Level  Hunger
 Blink                    Tloc           N/A          19%         2    ###....
 Shroud of Golubria       Chrm/Tloc      #.....       30%         2    ###....
 Gell's Gravitas          Tloc           #.........   36%         3    ####...
 Lesser Beckoning         Tloc           #.........   36%         3    ####...
 Teleport Other           Tloc           #.......     36%         3    ####...
 Passage of Golubria      Tloc           N/A          77%         4    #####..


Dungeon Overview and Level Annotations

Branches:
Dungeon (2/15)

Altars:
Trog
Vehumet

Annotations:
D:2 , 2 transporters


Innate Abilities, Weirdness & Mutations

You have a beak for a mouth.
You have claws for feet.


Message History

* * * LOW HITPOINT WARNING * * *
You feel sick.
As you read the scroll labeled LOHAORIOZY, it crumbles to dust.
You feel aware of your surroundings.
It was a scroll of magic mapping.
* * * LOW HITPOINT WARNING * * *
You feel sick.
As you read the scroll labeled JYSOUBL VONU, it crumbles to dust.
It is a scroll of amnesia.
You feel forgetful for a moment.
* * * LOW HITPOINT WARNING * * *
You feel sick.
There is a lethal amount of poison in your body!
There is a lethal amount of poison in your body!
There is a lethal amount of poison in your body!
There is a lethal amount of poison in your body!
* * * LOW HITPOINT WARNING * * *
You feel sick.
* * * LOW HITPOINT WARNING * * *
You feel sick.
You die...

#.# ##...## #. #.#
##.....## ##### ##.
#.# #.......#
#...####.. #.#
#.#######
#.#....... ##.###.#
#...####..
.....รท.# ##.## ###
##..####### *####
###.######
##....+..## ###).)#
#........#
#.#....#.####)@...#
###.####.##
#.##.....)#..##.).#
#........
#.##.'...#)###*####
###.#######
###....#######
#.#.# # .##..###
##..# # .##..# ###
#####...# # .....#
#.# #..#.##.# #
.###.# #.#
#.#.###.# # ##
#.####.# #.#>#
#.#######


There were no monsters in sight!

Vanquished Creatures
  Crazy Yiuf (D:2)
  An adder (D:2)
  A dart slug (D:2)
  A leopard gecko (D:2)
  4 bats (D:1)
  2 giant cockroaches (D:1)
  3 hobgoblins
  2 jackals (D:1)
  3 frilled lizards (D:2)
  4 kobolds
  10 rats
32 creatures vanquished.

Notes
Turn   | Place    | Note
-------+----------+-------------------------------------------
     0 | D:1      | xccam the Tengu Warper began the quest for the Orb.
     0 | D:1      | Reached XP level 1. HP: 12/12 MP: 4/4
   437 | D:1      | Reached XP level 2. HP: 11/17 MP: 6/6
   628 | D:1      | Reached skill level 3 in Axes
  1205 | D:2      | Found a runed translucent door.
  1206 | D:2      | Noticed Crazy Yiuf
  1251 | D:2      | Reached XP level 3. HP: 21/21 MP: 7/7
  1257 | D:2      | Reached skill level 4 in Axes
  1385 | D:2      | Found a radiant altar of Vehumet.
  1681 | D:2      | Found a transporter.
  1686 | D:2      | Found a transporter.
  1695 | D:2      | Noticed a big kobold
  1697 | D:2      | Found a bloodstained altar of Trog.
  1861 | D:2      | Killed Crazy Yiuf
  1861 | D:2      | Reached XP level 4. HP: 8/26 MP: 5/8
  1866 | D:2      | HP: 1/26 [poisoned by Crazy Yiuf]
  1869 | D:2      | Succumbed to Crazy Yiuf's poison

Illustrated notes

Levels and vault maps discovered:
D:1:      lightli_arrival_isolated_outpost, layout_loops_ring
D:2:      layout_loops_ring, gammafunk_temple_overflow_arena, vehumet_crystals,
          uniq_crazy_yiuf_cottage

Skill      XL: |  1  2  3 |
---------------+----------+-----
Axes           | 3 4 |  4.8
Fighting       | |  2.0
Throwing       | |  1.0
Armour         | |  1.1
Dodging        | |  2.1
Spellcasting   | |  2.0
Translocations | |  2.4

Action                   |  1- 3 |  4- 6 || total
-------------------------+-------+-------++-------
Melee: Hand axe          |    75 |       ||    75
       Kick              |    16 |       ||    16
       Peck              |     7 |       ||     7
  Use: Potion            |     3 |       ||     3
       Scroll            |       |     3 ||     3
 Stab: Sleeping          |     1 |       ||     1
  Eat: Chunk             |     2 |       ||     2
Armor: Leather armour    |    26 |       ||    26
Dodge: Dodged            |    52 |       ||    52
